 Dungeon Sprint DCSS version 0.30.0-29-ga12c61a403 (webtiles) character file.

Game seed: 13342726329099075670

2600000 boopmooplesden the Axe Maniac (level 18, -12/236 HPs)
             Began as an Ogre Gladiator on June 20, 2023.
             Was a High Priest of Makhleb.
             Mangled by a bag of meat
             ... wielding a +9 war axe
              (20 damage)
             ... in the Dungeon (Sprint VIII: "Arena of Blood").
             The game lasted 00:01:47 (26 turns).

boopmooplesden the Axe Maniac (Ogre Gladiator)        Turns: 26, Time: 00:01:47

Health: -12/236    AC:  3    Str: 29    XL:     18   Next: 39%
Magic:  16/35      EV: 19    Int:  9    God:    Makhleb [*****.]
Gold:   0          SH:  0    Dex: 10    Spells: 17/17 levels left

rFire   . . .        l - +∞ Axe of Woe
rCold   . . .        (shield currently unavailable)
rNeg    . . .        b - +0 robe
rPois   .            c - +0 hat
rElec   .            (no cloak)
rCorr   .            (gloves unavailable)
SInv    .            (boots unavailable)
Will    +....        (no amulet)
Stlth   +            (no ring)
HPRegen 0.59/turn    (no ring)
MPRegen 0.24/turn

%: no teleportation
@: no status effects
A: large, unfitting armour, tough skin 1
a: Renounce Religion, Minor Destruction, Lesser Servant of Makhleb, Major
Destruction, Greater Servant of Makhleb


You were in the Dungeon.
You worshipped Makhleb.
Makhleb was extremely pleased with you.
You visited 1 branch

Inventory:

Hand Weapons
 a - a +0 war axe
 l - the +∞ Axe of Woe (weapon)
   (You found it in the Dungeon)
Missiles
 d - 3 throwing nets (quivered)
 e - a large rock
Armour
 b - a +0 robe (worn)
 c - a +0 hat (worn)
Scrolls
 k - a scroll of blinking
Potions
 f - a potion of curing
 g - a potion of heal wounds
 h - a potion of haste
 i - 2 potions of magic
 j - a potion of berserk rage


   Skills:
 O Level 27 Fighting
 O Level 27 Axes
 O Level 27 Throwing
 O Level 27 Dodging
 O Level 27 Invocations


You had 17 spell levels left.
You didn't know any spells.
Your spell library was empty.

Dungeon Overview and Level Annotations

Branches:
Dungeon (1/1)

Altars:
Makhleb


Innate Abilities, Weirdness & Mutations

You are too large for most types of armour.
You have tough skin. (AC +1)


Message History

A bag of meat comes into view. It is wielding a +9 war axe.
The destroyer points at you and mumbles some strange words.
The destroyer blinks!
You hear a shout! x2
You have mastered Throwing!
Your Invocations skill gained 6 levels and is now at level 17!
You slash the meat berserker!
You butcher the meat berserker messily.
You kill the meat berserker!
Makhleb accepts your kill.
You feel better.
You slash the large bag of meat!
Flame seeps out of the large bag of meat.
You chop the large bag of meat into pieces.
Makhleb accepts your kill.
You feel better.
You slash the meat berserker!
You hew the meat berserker savagely.
You kill the meat berserker!
Makhleb accepts your kill.
You feel better.
The large bag of meat explodes!
The fiery explosion engulfs you!!!
The fiery explosion engulfs the large bag of meat!!
You are engulfed in blazing flames.
You hear a shout! x3
The large bag of meat is engulfed in blazing flames.
The destroyer points at you and mumbles some strange words.
The destroyer blinks!
You hear a shout!
You have mastered Invocations!
You have reached level 18!
You feel stronger.
The large bag of meat attacks as you move away!
The large bag of meat hits you with a +9 giant spiked club!!!! x2
* * * LOW HITPOINT WARNING * * *
A bag of meat comes into view. It is wielding a +9 war axe.
The bag of meat shouts!
You hear a shout! x4
The destroyer gestures at you while chanting.
The destroyer blinks!
The bag of meat is engulfed in blazing flames. x3
The bag of meat hits you with a +9 war axe!!
You die...

.. ....o .... #...
...# .#... #... ...#
o .....###...
...###...
..........###........
..#........_.........
#...V...#.....# .....
.......o#oo<._#......
#....o.@#)o§..#......
..#..§.Vo§oo..)......
.....O.oOo###)).o....
..oo.###§§o.)).###...
...o. #o..O)).# ..
.... #o..)o..# ...
....o....o..... .#.
...............
...............#


You could see 2 destroyers, 2 large bags of meat, a meat berserker (berserk) and
16 bags of meat.

Vanquished Creatures
  6 ogres (D)
  A two-headed ogre (D)
  14 orcs (D)
21 creatures vanquished.

Notes
Turn   | Place    | Note
-------+----------+-------------------------------------------
     0 | D        | Found the +∞ Axe of Woe
     0 | D        | boopmooplesden the Ogre Gladiator began the quest for the
                  | Orb.
     0 | D        | Reached XP level 1. HP: 22/22 MP: 1/1
     2 | D        | Noticed a bag of meat
     2 | D        | Noticed a bag of meat
     3 | D        | Noticed a bag of meat
     4 | D        | Became a worshipper of Makhleb the Destroyer
     4 | D        | Noticed a bag of meat
     4 | D        | Noticed a bag of meat
     7 | D        | Noticed a bag of meat
     7 | D        | Noticed a bag of meat
     7 | D        | Noticed a bag of meat
     8 | D        | Killed a bag of meat
     8 | D        | Noticed a bag of meat
     8 | D        | Noticed a bag of meat
     8 | D        | Noticed a bag of meat
     8 | D        | Noticed a bag of meat
     9 | D        | Reached skill level 15 in Dodging
     9 | D        | Reached XP level 2. HP: 49/49 MP: 2/2
     9 | D        | Reached XP level 3. HP: 57/57 MP: 3/3
     9 | D        | Reached XP level 4. HP: 66/66 MP: 4/4
     9 | D        | Reached XP level 5. HP: 74/74 MP: 5/5
     9 | D        | Reached XP level 6. HP: 83/83 MP: 6/6
     9 | D        | Reached XP level 7. HP: 89/89 MP: 7/7
     9 | D        | Reached XP level 8. HP: 98/98 MP: 8/8
     9 | D        | Reached XP level 9. HP: 106/106 MP: 9/9
     9 | D        | Reached XP level 10. HP: 115/115 MP: 10/10
     9 | D        | Reached XP level 11. HP: 123/123 MP: 11/11
     9 | D        | Killed a bag of meat
     9 | D        | Reached * piety under Makhleb
     9 | D        | Noticed a bag of meat
    10 | D        | Reached skill level 10 in Throwing
    10 | D        | Reached XP level 12. HP: 136/136 MP: 12/12
    10 | D        | Killed a bag of meat
    10 | D        | Killed a bag of meat
    10 | D        | Noticed a meat berserker
    10 | D        | Noticed a bag of meat
    11 | D        | Reached skill level 15 in Fighting
    11 | D        | Reached XP level 13. HP: 152/152 MP: 13/13
    11 | D        | Noticed a bag of meat
    11 | D        | Noticed a meat berserker
    11 | D        | Noticed a bag of meat
    12 | D        | Killed a bag of meat
    12 | D        | Reached ** piety under Makhleb
    12 | D        | Killed a bag of meat
    12 | D        | Noticed a bag of meat
    13 | D        | Reached XP level 14. HP: 114/167 MP: 14/14
    13 | D        | Killed a meat berserker
    13 | D        | Killed a bag of meat
    13 | D        | Reached *** piety under Makhleb
    14 | D        | Reached XP level 15. HP: 163/183 MP: 15/15
    14 | D        | Noticed a meat berserker
    15 | D        | Noticed a large bag of meat
    15 | D        | Noticed a meat berserker
    16 | D        | Killed a meat berserker
    17 | D        | Reached skill level 27 in Axes
    17 | D        | Reached skill level 15 in Throwing
    17 | D        | Noticed a large bag of meat
    17 | D        | Reached **** piety under Makhleb
    18 | D        | Reached XP level 16. HP: 209/209 MP: 15/18
    19 | D        | Reached skill level 27 in Fighting
    19 | D        | Reached skill level 27 in Dodging
    20 | D        | Noticed a meat berserker
    20 | D        | Noticed a meat berserker
    21 | D        | Killed a meat berserker
    21 | D        | Noticed a destroyer
    22 | D        | Reached ***** piety under Makhleb
    22 | D        | Noticed a large bag of meat
    23 | D        | Reached XP level 17. HP: 226/226 MP: 15/25
    23 | D        | Noticed a destroyer
    23 | D        | Noticed a meat berserker
    24 | D        | Killed a meat berserker
    25 | D        | Reached skill level 27 in Throwing
    25 | D        | Killed a meat berserker
    25 | D        | Killed a large bag of meat
    25 | D        | Killed a meat berserker
    26 | D        | Reached skill level 27 in Invocations
    26 | D        | Reached XP level 18. HP: 181/236 MP: 16/35
    26 | D        | HP: 7/236 [large bag of meat/+9 giant spiked club (81)]
    26 | D        | Mangled by a bag of meat

Illustrated notes

Levels and vault maps discovered:
D:        meatsprint

Skill      XL: |  1  2  3  4  5  6  7  8  9 10 11 12 13 14 15 16 17 |
---------------+----------------------------------------------------+-----
Fighting       | 11 13 15 17 20 24 27 | 27.0
Axes           | 16 18 21 23 26 27 | 27.0
Throwing       | 9 10 11 12 13 16 25 27 | 27.0
Dodging        | 15 17 19 21 23 26 27 | 27.0
Invocations    | 3 11 27 | 27.0

Action                     |  1- 3 |  4- 6 |  7- 9 | 10-12 | 13-15 | 16-18 || total
---------------------------+-------+-------+-------+-------+-------+-------++-------
  Melee: Executioner's axe |     1 |       |       |     2 |     4 |     5 ||    12
 Invoke: Lesser Servant of |       |       |       |       |     1 |       ||     1
